Map: Neon Violet Square LE

Players

pillOw (Nina)

  • Race: Protoss Protoss
  • League: Grandmaster
  • Spawn Location: 11:00

aLive - Winner!

  • Race: Terran Terran
  • League: Master
  • Spawn Location: 5:00

VOD

Have the link to the VOD?

Description

Time

  • Played on: Feb. 8, 2018, 9:07 a.m.
  • Length: 10:30
Show
View Real Time Build Order
Export as new Build Order

pillOw Protoss 

Build Orders: 1 Gate Expand, Phoenix Opening, Mass Phoenix 

Get SALT Encoding   

  12  0:00  Probe  
  13  0:13  Probe  
  14  0:19  Pylon  
  14  0:25  Probe  
  15  0:37  Probe (Chrono Boost)  
  15  0:38  Gateway  
  16  0:46  Probe (Chrono Boost)  
  16  0:47  Assimilator  
  17  0:51  Probe (Chrono Boost)  
  18  1:03  Probe  
  19  1:15  Probe  
  20  1:23  Nexus  
  20  1:32  Cybernetics Core  
  20  1:35  Probe  
  21  1:40  Assimilator  
  21  1:47  Probe  
  21  1:51  Pylon  
  22  2:00  Probe  
  23  2:07  Adept (Chrono Boost)  
  23  2:13  Probe  
  26  2:16  Stargate  
  26  2:26  Warp Gate  
  26  2:27  Probe (Chrono Boost)  
  27  2:35  Probe (Chrono Boost)  
  28  2:38  Adept (Chrono Boost)  
  28  2:44  Probe (Chrono Boost)  
  31  2:45  Probe (Chrono Boost)  
  31  2:50  Probe  
  32  2:52  Probe  
  33  3:02  Probe  
  33  3:04  Probe  
  33  3:05  Phoenix  
  37  3:14  Probe  
  37  3:16  Probe  
  39  3:26  Pylon, Probe  
  42  3:27  Adept  
  42  3:28  Probe  
  42  3:30  Phoenix (Chrono Boost)  
  45  3:38  Probe  
  46  3:44  Probe  
  46  3:45  Pylon  
  47  3:50  Phoenix (Chrono Boost), Probe  
  50  3:56  Pylon, Probe  
  51  4:03  Probe  
  52  4:11  Nexus  
  52  4:16  Phoenix, Probe  
  55  4:17  Probe  
  56  4:24  Gateway  
  56  4:27  Gateway  
  56  4:29  Probe  
  56  4:30  Probe  
  58  4:41  Phoenix (Chrono Boost), Probe  
  58  4:42  Forge  
  58  4:44  Probe  
  62  4:52  Assimilator  
  62  4:53  Assimilator, Probe  
  62  4:56  Probe  
  62  4:59  Robotics Facility  
  64  5:06  Phoenix (Chrono Boost)  
  66  5:18  Probe  
  66  5:21  Pylon  
  67  5:23  Phoenix  
  67  5:24  Protoss Ground Armor Level 1  
  67  5:27  Probe  
  70  5:29  Probe  
  70  5:30  Probe  
  70  5:35  Twilight Council  
  72  5:38  Gateway  
  72  5:39  Probe  
  72  5:41  Probe, Gateway  
  72  5:42  Probe  
  75  5:50  Phoenix  
  75  5:53  Pylon  
  75  5:54  Immortal (Chrono Boost), Probe  
  82  6:01  Probe  
  82  6:02  Pylon  
  83  6:08  Probe  
  85  6:11  Pylon, Probe  
  85  6:13  Pylon  
  84  6:24  Probe  
  84  6:25  Blink (Chrono Boost)  
  84  6:27  Pylon  
  84  6:30  Sentry x2  
  84  6:31  Probe  
  89  6:34  Gateway  
  89  6:37  Gateway  
  89  6:45  Pylon  
  87  6:48  Stalker x3  
  87  6:52  Shield Battery  
  93  6:55  Stalker x2  
  93  6:57  Shield Battery  
  93  6:59  Immortal  
  101  7:04  Phoenix (Chrono Boost)  
  103  7:11  Adept  
  103  7:13  Stalker  
  105  7:24  Adept x2  
  105  7:29  Probe  
  86  7:30  Adept  
  86  7:33  Probe  
  86  7:34  Stalker  
  86  7:35  Protoss Ground Weapons Level 1 (Chrono Boost), Probe  
  88  7:38  Forge  
  88  7:41  Probe  
  89  7:46  Sentry  
  89  7:49  Assimilator x2  
  89  7:50  Observer (Chrono Boost)  
  92  7:52  Probe  
  92  7:56  Pylon, Probe  
  94  8:00  Zealot  
  94  8:04  Stalker x3  
  94  8:05  Probe  
  103  8:07  Photon Cannon  
  103  8:10  Observer (Chrono Boost)  
  103  8:11  Probe  
  105  8:20  Stalker x2  
  108  8:30  Stalker x3  
  94  8:43  Probe  
  94  8:46  Stalker x4  
  77  8:57  Probe  
  72  9:03  Probe  
  72  9:05  Probe  
  72  9:09  Probe  
  75  9:10  Robotics Bay  
  75  9:16  Probe (Chrono Boost)  
  76  9:18  Probe (Chrono Boost)  
  76  9:20  Pylon, Stalker x3  
  76  9:21  Probe (Chrono Boost)  
  84  9:28  Probe (Chrono Boost)  
  84  9:29  Probe (Chrono Boost)  
  87  9:31  Probe (Chrono Boost)  
  87  9:34  Pylon, Probe x2 (Chrono Boost)  
  89  9:39  Stalker  
  89  9:40  Stalker  
  93  9:45  Stalker  
  93  9:48  Stalker  
  97  9:55  Stalker  
  97  9:56  Disruptor (Chrono Boost)  
  101  10:06  Stalker x2  
  103  10:07  Stalker  
  103  10:11  Stalker  
  107  10:14  Zealot  
Show
View Real Time Build Order
Export as new Build Order

aLive Terran - Winner!

Build Orders: Reaper Expand, MMM Bio 

Get SALT Encoding   

  12  0:00  SCV  
  13  0:13  SCV  
  14  0:18  Supply Depot  
  14  0:25  SCV  
  15  0:39  SCV  
  15  0:41  Barracks  
  16  0:46  Refinery  
  16  0:51  SCV  
  17  1:03  SCV  
  18  1:15  SCV  
  19  1:28  Reaper  
  19  1:29  Orbital Command  
  20  1:42  Command Center  
  20  1:51  Supply Depot  
  20  1:54  SCV  
  21  2:01  Barracks Reactor  
  21  2:06  SCV  
  22  2:18  SCV  
  23  2:28  Command Center  
  23  2:30  SCV  
  23  2:32  Barracks  
  24  2:38  Marine  
  24  2:39  Marine  
  24  2:43  SCV  
  27  2:54  Orbital Command  
  27  2:55  SCV  
  28  2:58  Marine x2  
  30  3:07  SCV  
  30  3:08  Engineering Bay  
  31  3:17  Marine x2  
  31  3:19  SCV, Barracks Tech Lab  
  34  3:20  SCV  
  35  3:32  SCV x2  
  37  3:36  Terran Infantry Weapons Level 1  
  37  3:37  Marine x3  
  37  3:38  Stimpack  
  40  3:44  SCV x2  
  40  3:45  Orbital Command  
  42  3:55  Marine x3  
  45  3:56  Supply Depot, SCV x2  
  47  4:06  Factory  
  47  4:08  Refinery  
  47  4:09  Refinery  
  47  4:10  SCV x3  
  47  4:14  Marine  
  47  4:15  Marine x2  
  53  4:22  SCV x2  
  53  4:23  Barracks, SCV  
  56  4:29  Supply Depot  
  56  4:37  SCV  
  56  4:38  SCV x2  
  57  4:40  Marine x3  
  60  4:48  Supply Depot  
  60  4:50  SCV x3, Factory Reactor, Starport  
  63  4:59  Barracks  
  63  5:00  Barracks  
  63  5:02  SCV x3  
  65  5:08  Marine x2  
  65  5:09  Marauder  
  65  5:11  Barracks Tech Lab  
  68  5:15  SCV x3, Refinery  
  69  5:27  SCV x3  
  72  5:31  Terran Infantry Armor Level 1  
  72  5:32  Combat Shields  
  72  5:33  Marine  
  72  5:34  Marine  
  72  5:35  Factory Reactor  
  74  5:36  Marine x2  
  74  5:39  Concussive Shells  
  74  5:42  Medivac  
  76  5:50  Medivac  
  76  5:52  Marine x2  
  76  5:53  Barracks Tech Lab  
  76  5:55  Barracks Reactor  
  80  5:59  Marauder  
  80  6:00  Marauder  
  80  6:01  SCV  
  85  6:05  Supply Depot  
  85  6:06  Supply Depot  
  85  6:07  Supply Depot  
  85  6:08  Supply Depot  
  85  6:12  SCV x2, Marine x2  
  85  6:13  Widow Mine x2  
  93  6:26  SCV  
  93  6:27  SCV x2, Marauder  
  93  6:29  Medivac x2  
  93  6:31  Refinery  
  102  6:34  Refinery  
  102  6:35  Supply Depot, Marine x4  
  102  6:36  Widow Mine x2  
  102  6:39  SCV x3, Marauder x2  
  117  6:48  Marauder  
  117  6:51  Armory  
  117  6:52  SCV x2, Engineering Bay  
  117  6:53  SCV  
  122  6:58  Supply Depot  
  122  7:01  Marine x3  
  123  7:03  Marine x3  
  110  7:32  Marine x3  
  110  7:33  Marine  
  110  7:34  Marauder x3  
  114  7:38  Widow Mine x2, Medivac x2  
  114  7:40  Terran Infantry Weapons Level 2, Terran Infantry Armor Level 2  
  122  7:50  Supply Depot x2  
  122  7:54  Command Center  
  122  7:58  Barracks  
  122  8:00  Supply Depot, Barracks  
  122  8:02  Barracks  
  122  8:03  Marine x4  
  126  8:07  Marauder x3  
  132  8:12  Supply Depot  
  132  8:14  Supply Depot  
  132  8:15  Liberator x2  
  125  8:29  Marine x3  
  125  8:30  Marine, Marauder x2  
  125  8:31  Marauder  
  125  8:32  Widow Mine x2  
  118  8:52  Marine x4  
  118  8:53  Marauder x3  
  118  8:54  Barracks Tech Lab  
  118  8:55  Barracks Reactor x2  
  120  8:56  SCV x3  
  113  9:08  Liberator x2  
  110  9:10  Marine x4  
  110  9:13  Orbital Command  
  110  9:14  Marauder  
  110  9:15  Marauder x2  
  122  9:17  Marauder  
  122  9:22  Widow Mine  
  122  9:23  Widow Mine  
  132  9:39  Marine x3  
  132  9:40  Marine x5  
  132  9:41  Marauder x4  
  148  9:59  Marine  
  146  10:00  Marine x7  
  146  10:07  Marauder x4  
Tags
 
Add a new tag
Caveats
  • Supply blocks, unpowered buildings, or Contaminate may cause inaccurate times.
  • Supply counts are checked every 10 seconds.